 Seeded DCSS version 0.29.1-12-g30fa7ad0bf (webtiles) character file.

Game seed: 6320845443627075161 (custom seed)

3022 Sanktem7 the Fighter (level 9, -3/86 HPs)
             Began as a Minotaur Fighter on Jan 7, 2023.
             Slain by a wyvern (9 damage)
             ... on level 8 of the Dungeon.
             The game lasted 00:13:15 (6909 turns).

Sanktem7 the Fighter (Minotaur Fighter)             Turns: 6909, Time: 00:13:15

Health: -3/86      AC: 19    Str: 24    XL:     9   Next: 55%
Magic:  8/8        EV: 10    Int:  5    God:
Gold:   668        SH:  4    Dex:  9    Spells: 8/8 levels left

rFire   . . .      SeeInvis .   J - +3 flail (protect) {mace}
rCold   . . .      Faith    .   c - +0 buckler
rNeg    . . .      Spirit   .   l - +0 plate armour
rPois   +          Reflect  .   r - +1 hat {Stlth+}
rElec   .          Harm     .   y - +2 cloak {rPois}
rCorr   .          Rampage  .   M - +0 pair of gloves
Will    +....                   L - +0 pair of boots
Stlth   ..........              (no amulet)
HPRegen 0.24/turn               B - +4 ring of evasion
MPRegen 0.11/turn               K - ring of willpower

@: no status effects
A: horns 2, retaliatory headbutt, clumsy 1
a: no special abilities


You were on level 8 of the Dungeon.
You visited 1 branch of the dungeon, and saw 10 of its levels.

You collected 780 gold pieces.
You spent 112 gold pieces at shops.


Innate Abilities, Weirdness & Mutations

You have a pair of horns on your head.
You reflexively headbutt those who attack you in melee.
You are clumsy. (Dex -2)


   Skills:
 * Level 10.8 Fighting
 - Level 8.9(9.6) Axes
 * Level 5.3(7.8) Maces & Flails
 + Level 3.9 Throwing
 - Level 6.0 Armour
 - Level 3.6 Shields


You had 8 spell levels left.
You didn't know any spells.
Your spell library contained the following spells:

 Spells                   Type           Power      Damage    Failure   Level
 Freeze                   Ice            0%         1d3       100%        1
 Frozen Ramparts          Ice            0%         1d1       100%        3
 Summon Guardian Golem    Hex/Summ       0%         N/A       100%        3
 Hailstorm                Conj/Ice       0%         3d3       100%        4
 Orb of Destruction       Conj           0%         9d5       100%        7
 Spellforged Servitor     Conj/Summ      0%         N/A       100%        7

Inventory:

Hand Weapons
 a - a +0 war axe of protection {axe}
 J - a +3 flail of protection (weapon) {mace}
   (You took it off Edmund on level 5 of the Dungeon)
Missiles
 e - 91 stones (quivered) {throwing}
 i - 19 poisoned darts {throwing}
 u - 3 boomerangs {throwing}
Armour
 c - a +0 buckler (worn)
 l - a +0 plate armour (worn)
   (You found it on level 1 of the Dungeon)
 r - a +1 hat of stealth (worn)
   (You found it on level 2 of the Dungeon)
 y - a +2 cloak of poison resistance (worn)
   (You took it off Crazy Yiuf on level 3 of the Dungeon)
 L - a +0 pair of boots (worn)
   (You found it on level 5 of the Dungeon)
 M - a +0 pair of gloves (worn)
   (You found it on level 6 of the Dungeon)
Magical Staves
 j - a staff of air {!astaff}
   (You found it on level 1 of the Dungeon)
Jewellery
 o - a ring of magical power
   (You found it on level 2 of the Dungeon)
 w - a ring of positive energy
   (You found it on level 10 of the Dungeon)
 B - a +4 ring of evasion (left hand)
   (You acquired it on level 4 of the Dungeon)
 E - a +6 ring of dexterity
   (You found it on level 4 of the Dungeon)
 K - a ring of willpower (right hand)
   (You found it on level 5 of the Dungeon)
Wands
 t - a wand of flame (42)
   (You found it on level 2 of the Dungeon)
 A - a wand of mindburst (5)
   (You took it off Ijyb on level 4 of the Dungeon)
 H - a wand of digging (5)
   (You found it on level 5 of the Dungeon)
Scrolls
 f - 4 scrolls of teleportation {@r4}
 k - a scroll of magic mapping {!r}
 n - a scroll of noise {!r}
 q - 2 scrolls of identify {@r1}
 s - 2 scrolls of vulnerability {!r!r}
 z - a scroll of amnesia
Potions
 b - 2 potions of resistance {unknown}
 d - 3 potions of might
 g - 8 potions of curing {@q1}
 h - 2 potions of haste {unknown}
 m - 3 potions of brilliance
 p - 3 potions of flight
 x - 2 potions of lignification {unknown}
 C - a potion of degeneration {unknown}
 Q - a potion of attraction {unknown}

Dungeon Overview and Level Annotations

Branches:
Dungeon (10/15) Zot: 26971
 Temple: D:4-7         Lair: D:8-11         Orc: D:9-12

Altars:
Elyvilon
Hepliaklqana
Ru
Uskayaw
Wu Jian
Xom

Shops:
D:2 :   D:7 !

Annotations:
D:8 3 transporters

# .#### ... #.......###
... #.........( ##.## #
........<. ####©..##....
........# #....@.......
........####.##.Kl#.#.##
............. ##.##
............. ...
!......K.K... ###
...##.##.... ...#©..# .
.....©.......
#..#..©#.....


You could see a wyvern and a kobold.


Message History

You open the door.
Found a stone staircase leading up.
There is an open door here. 😕 HP[+1]
There is a stone staircase leading up here.
You can't go down here!
You climb upwards.
You hear the roar of battle.
There is an entrance to a bailey on this level.
Hurry and find it before the portal closes forever!
The bullfrog croaks.
The wyvern hisses angrily.
You hear two shouts!
There is a stone staircase leading down here. 😕 HP[+1]
You barely miss the bullfrog. You headbutt the bullfrog.
The bullfrog closely misses you.
You barely miss the bullfrog. The bullfrog barely misses you.
You furiously retaliate!
You headbutt the bullfrog! The bullfrog closely misses you.
You hit the bullfrog.
Your weapon exudes an aura of protection.
Your headbutt misses the bullfrog.
The bullfrog hits you but does no damage.
A two-headed ogre comes into view.
It is wielding a +0 giant spiked club and a +0 giant club.
You sock the bullfrog!
You kill the bullfrog! 😕 HP[+1]
You closely miss the wyvern. You block the wyvern's attack.
The wyvern bites you! 😕 HP[-7]
You take 7 damage, and now have 69/86 hp.
You closely miss the wyvern. The wyvern bites you! 😮 HP[-9]
You take 9 damage, and now have 60/86 hp.
You hit the wyvern.
The wyvern bites you but does no damage.
The wyvern closely misses you.
You hit the wyvern.
The wyvern bites you but does no damage.
The two-headed ogre misses you. You furiously retaliate!
You headbutt the two-headed ogre, but do no damage.
The two-headed ogre hits you but does no damage. 😮 HP[+1]
You sock the two-headed ogre! The wyvern completely misses you.
You furiously retaliate!
You headbutt the wyvern, but do no damage.
The wyvern bites you but does no damage.
The two-headed ogre hits you with a +0 giant spiked club!!
* * * LOW HITPOINT WARNING * * *
You block the two-headed ogre's attack. 😨 HP[-24]
You take 24 damage, and now have 37/86 hp.
MASSIVE DAMAGE!! (PAUSE)
You hit the two-headed ogre but do no damage.
You block the wyvern's attack. The wyvern barely misses you.
You hit the two-headed ogre.
You headbutt the two-headed ogre, but do no damage.
The wyvern bites you.
* * * LOW HITPOINT WARNING * * *
You block the two-headed ogre's attack. x2
You barely miss the two-headed ogre. You block the wyvern's attack.
The two-headed ogre barely misses you. x2
The wyvern bites you but does no damage.
You hit the two-headed ogre.
The wyvern bites you but does no damage.
You barely miss the two-headed ogre.
You headbutt the two-headed ogre, but do no damage.
The wyvern bites you.
* * * LOW HITPOINT WARNING * * *
The two-headed ogre hits you with a +0 giant spiked club!!
* * * LOW HITPOINT WARNING * * *
The two-headed ogre hits you with a +0 giant club!
* * * LOW HITPOINT WARNING * * *
The wyvern closely misses you. 😱 HP[-34]
You take 34 damage, and now have 3/86 hp.
MASSIVE DAMAGE!! (PAUSE) Blink to where?
Press: ? - help, Q - select action, (/) - cycle Dir - move target
Found a potion of curing, 11 gold pieces and 4 stones.
Found a stone staircase leading down.
As you read the scroll of blinking {!r}, it crumbles to dust. 😱 HP[+1]
You see here a potion of curing {@q1}.
Found a stone staircase leading up. 😱 HP[+1]
A kobold brigand comes into view.
It is wielding a +0 whip and quivering curare-tipped darts.
The kobold brigand shouts! 😱 HP[+1]
You block the wyvern's attack.
There is a transporter here.
You enter the transporter and appear at another place.
A kobold comes into view. It is wielding a +0 dagger.
The kobold shouts!
The wyvern bites you but does no damage.
The wyvern closely misses you. You furiously retaliate!
You headbutt the wyvern. You barely miss the wyvern.
The wyvern barely misses you. You furiously retaliate!
You headbutt the wyvern, but do no damage.
The wyvern bites you!
You die...

Skill      XL: |  1  2  3  4  5  6  7  8  9 |
---------------+----------------------------+-----
Fighting       | 4 5 6 8 9 10 | 10.8
Axes           | 3 4 5 6 7 8 |  8.9
Armour         | 4 5 6 |  6.0
Throwing       | 2 3 |  3.9
Maces & Flails | 2 5 |  5.3
Shields        | |  3.6

Action                   |  1- 3 |  4- 6 |  7- 9 || total
-------------------------+-------+-------+-------++-------
Melee: War axe           |    31 |   151 |   114 ||   296
       Headbutt          |     1 |    20 |    39 ||    60
       Flail             |       |       |   105 ||   105
  Use: Scroll            |       |     7 |    10 ||    17
       Potion            |       |       |     1 ||     1
Armor: Plate armour      |    22 |    86 |   192 ||   300
       Scale mail        |     3 |       |       ||     3
Dodge: Dodged            |     8 |    56 |   157 ||   221
Block: Buckler           |     5 |    30 |    67 ||   102

Levels and vault maps discovered:
D:1:      dpeg_arrival_lava_temple_mockup, layout_basic
D:2:      layout_loops_ring, shapermc_ecumenical_altar_starsandcircs,
          serial_shops, nicolae_shop_window_shopping
D:3:      layout_loops_ring, pdpol_wu_jian_five_deadly_venoms, corexii_shack,
          uniq_crazy_yiuf_cottage
D:4:      layout_basic, regret_index_temple_of_mockery, hangedman_ru_absence,
          lemuel_tele_altar, uniq_ijyb
D:5:      layout_loops_cross, uniq_edmund
D:6:      layout_cave_pods, amcnicky_altar_gilded
D:7:      layout_cave_pools, gammafunk_temple_overflow_claw,
          minmay_temple_entry_statues_pillars, serial_shops,
          nicolae_shop_statue_plus
D:8:      layout_rooms, kennysheep_mini, enter_bailey_8, serial_nicolae_subway,
          nicolae_sub_station_metal, nicolae_sub_station_stone,
          nicolae_sub_station_crystal
D:9:      layout_roguey, mainiacjoe_overflow_alcove_2, serial_shops, shop,
          uniq_maggie
D:10:     layout_cave_pools, nicolae_vehumet_altar_sigil,
          due_lair_maze_entry_diamond, kennysheep_minor_cross, dk_vineyard_3,
          disabler_island

Notes
Turn   | Place    | Note
-------+----------+-------------------------------------------
     0 | D:1      | Sanktem7 the Minotaur Fighter began the quest for the Orb.
     0 | D:1      | Reached XP level 1. HP: 19/19 MP: 0/0
     0 | D:1      | magus.rc [v1.9.6]
    90 | D:1      | You pick up a book of Frost and begin reading...
    90 | D:1      | You add the spells Freeze, Frozen Ramparts and Hailstorm to
                  | your library.
   723 | D:2      | Reached skill level 4 in Fighting
   723 | D:2      | Reached skill level 3 in Axes
   723 | D:2      | Reached XP level 2. HP: 25/27 MP: 1/1
   844 | D:2      | Found a faded altar of an unknown god.
   930 | D:2      | Found Weil's Book Boutique.
  1305 | D:3      | Reached skill level 4 in Armour
  1305 | D:3      | Reached XP level 3. HP: 34/34 MP: 2/2
  1316 | D:3      | Reached XP level 4. HP: 39/41 MP: 3/3
  1403 | D:3      | Reached skill level 5 in Fighting
  1403 | D:3      | Reached skill level 4 in Axes
  1734 | D:3      | Found an ornate altar of the Wu Jian Council.
  1991 | D:3      | Found a runed translucent door.
  1992 | D:3      | Noticed Crazy Yiuf
  2341 | D:3      | Noticed a spectral centipede
  2341 | D:3      | Noticed a spectral black mamba
  2341 | D:3      | Noticed a spectral cane toad
  2417 | D:3      | Killed Crazy Yiuf
  2418 | D:3      | Reached XP level 5. HP: 31/48 MP: 0/4
  2431 | D:3      | Identified a scroll of acquirement
  2431 | D:3      | Acquired 332 gold pieces
  2707 | D:4      | Reached skill level 5 in Axes
  2707 | D:4      | Reached XP level 6. HP: 53/57 MP: 5/5
  2719 | D:4      | Noticed Ijyb
  2734 | D:4      | Killed Ijyb
  2769 | D:4      | Reached skill level 6 in Fighting
  3034 | D:4      | Found a white marble altar of Elyvilon.
  3065 | D:4      | Acquired a +4 ring of evasion
  3084 | D:4      | Found a shimmering altar of Xom.
  3085 | D:4      | Found a hazy altar of Hepliaklqana.
  3086 | D:4      | Noticed a spectral ugly thing
  3197 | D:4      | Reached skill level 5 in Armour
  3582 | D:4      | Found a sacrificial altar of Ru.
  3771 | D:5      | Entered Level 5 of the Dungeon
  3882 | D:5      | Reached skill level 6 in Axes
  4049 | D:5      | Reached XP level 7. HP: 47/64 MP: 6/6
  4082 | D:5      | Reached skill level 7 in Fighting
  4200 | D:5      | Noticed Edmund
  4210 | D:5      | Killed Edmund
  4343 | D:5      | Reached skill level 7 in Axes
  4688 | D:5      | Reached skill level 6 in Armour
  4776 | D:6      | Found a hide-covered altar of Uskayaw.
  4784 | D:6      | Reached skill level 8 in Fighting
  4784 | D:6      | Reached XP level 8. HP: 74/74 MP: 7/7
  4853 | D:6      | Reached skill level 8 in Axes
  4855 | D:6      | Reached skill level 1 in Throwing
  5400 | D:6      | Reached skill level 9 in Fighting
  5404 | D:6      | Reached skill level 2 in Throwing
  5466 | D:6      | You pick up a book of Dangerous Friends and begin
                  | reading...
  5466 | D:6      | You add the spells Summon Guardian Golem, Orb of
                  | Destruction and Spellforged Servitor to your library.
  5714 | D:6      | Identified the +1 ring mail of Sorcery {Int+5}
  5910 | D:7      | Reached skill level 1 in Maces & Flails
  5914 | D:7      | Reached skill level 2 in Maces & Flails
  5948 | D:7      | Reached XP level 9. HP: 53/85 MP: 8/8
  5954 | D:7      | HP: 21/84 [wight/+0 halberd (3)]
  5955 | D:7      | Reached skill level 3 in Maces & Flails
  5955 | D:7      | Reached skill level 3 in Throwing
  5959 | D:6      | Reached skill level 10 in Fighting
  6260 | D:7      | Reached skill level 4 in Maces & Flails
  6667 | D:7      | Found Guepsas's Distillery.
  6674 | D:7      | Bought a potion of mutation for 112 gold pieces
  6674 | D:7      | Gained mutation: You are clumsy. (Dex -2) [potion of
                  | mutation]
  6797 | D:7      | You fall into a shaft and drop 3 floors!
  6797 | D:10     | Entered Level 10 of the Dungeon
  6814 | D:10     | Reached skill level 5 in Maces & Flails
  6885 | D:8      | Noticed a two-headed ogre
  6896 | D:8      | HP: 17/86 [two-headed ogre/+0 giant spiked club (19)]
  6896 | D:8      | HP: 3/86 [two-headed ogre/+0 giant spiked club (14)]
  6899 | D:8      | Found a transporter.
  6905 | D:8      | Found a transporter.
  6908 | D:8      | Found a transporter.
  6908 | D:8      | Found a transporter.
  6909 | D:8      | Slain by a wyvern

Vanquished Creatures
  A wyvern (D:7)
  Edmund (D:5)
  A sky beast (D:6)
  An ice beast (D:5)
  An orc warrior (D:9)
  2 black bears
  An ogre (D:5)
  A centaur (D:6)
  A kobold brigand (D:6)
  2 bullfrogs
  2 necrophages
  3 scorpions
  19 wights
  4 howler monkeys
  3 hounds
  3 orc priests
  Crazy Yiuf (D:3)
  Ijyb (D:4)
  An iguana (D:5)
  5 orc wizards
  5 adders
  A worm (D:4)
  5 dart slugs
  23 orcs
  7 ball pythons
  2 endoplasms (D:4)
  A giant cockroach (D:4)
  7 goblins
  3 hobgoblins
  8 kobolds
  3 quokkas
  5 bats
  A frilled lizard (D:3)
  2 rats
127 creatures vanquished.

Table legend:
 A = Non-vault XP
 B = Vault XP
 C = Vault XP percentage of total XP
 D = Non-vault monster count
 E = Vault monster count
 F = Vault count percentage of total count
                 A         B        C        D         E       F
            +---------+---------+-------+---------+---------+-------
      Total |    4076 |     242 |   5.6 |     123 |       4 |   3.1
            +---------+---------+-------+---------+---------+-------
        D:1 |       6 |       0 |   0.0 |       4 |       0 |   0.0
        D:2 |      25 |       0 |   0.0 |       6 |       0 |   0.0
        D:3 |     160 |      40 |  20.0 |      23 |       2 |   8.0
        D:4 |     289 |      36 |  11.1 |      25 |       1 |   3.8
        D:5 |     699 |     166 |  19.2 |      15 |       1 |   6.2
        D:6 |    1292 |       0 |   0.0 |      21 |       0 |   0.0
        D:7 |    1298 |       0 |   0.0 |      21 |       0 |   0.0
        D:8 |      93 |       0 |   0.0 |       1 |       0 |   0.0
        D:9 |     136 |       0 |   0.0 |       3 |       0 |   0.0
       D:10 |      78 |       0 |   0.0 |       4 |       0 |   0.0
            +---------+---------+-------+---------+---------+-------

Illustrated notes

Table legend:
 A = Kills in this place as a percentage of kills in entire the game.
 B = Kills by you in this place as a percentage of kills by you in the entire game.
 C = Kills by friends in this place as a percentage of kills by friends in the entire game.
 D = Other kills in this place as a percentage of other kills in the entire game.
 E = Experience gained in this place as a percentage of experience gained in the entire game.
 F = Experience gained in this place divided by the number of levels of this place that you have seen.
                   A       B       C       D       E      F
               +-------+-------+-------+-------+-------+----------------------
         Total | 100.0 | 100.0 |   N/A |   N/A | 100.0 | 431.8
       Dungeon | 100.0 | 100.0 |   N/A |   N/A | 100.0 | 431.8
               +-------+-------+-------+-------+-------+----------------------

Table legend: (Time is in decaauts)
 A = Elapsed time spent in this place.
 B = Non-inter-level travel time spent in this place.
 C = Inter-level travel time spent in this place.
 D = Time resting spent in this place.
 E = Time spent auto-exploring this place.
 F = Levels seen in this place.
 G = Mean time per level.
                   A        B        C        D        E       F      G
               +--------+--------+--------+--------+--------+-----+--------+
         Total |   6996 |   6667 |    329 |    504 |   5159 |  10 |  699.6 |
       Dungeon |   6996 |   6667 |    329 |    504 |   5159 |  10 |  699.6 |
               +--------+--------+--------+--------+--------+-----+--------+

Top non-repeatable levels by time:
     D:6: 1650 daAuts
     D:3: 1325 daAuts
     D:4: 1189 daAuts
     D:5: 1017 daAuts
     D:1: 685 daAuts
     D:2: 622 daAuts
     D:7: 389 daAuts
     D:9: 49 daAuts
    D:10: 39 daAuts
     D:8: 27 daAuts
